AoeStats
← varunalur2879

Lombardia

508119474Analyzed
4v4 RM · 12d ago on Sep 21, 2026· 42m 46s· 8 players
Game mode
Random Map
Map size
Large (8 player)
Population
200
Speed
Normal
Resources
Standard
Victory
Conquest
Starting age
Dark Age
Ending age
Imperial Age
RankedLock teamsTeams togetherTeam positionsShared explorationLock speedFull tech treeHidden civsTurbo modeCheats
Victory
Defeat
🇨🇦 Franks · Canada
1341
+14
🇨🇴 Slavs · Colombia
1289
+16
🇺🇸 Sicilians · United States
1284
+16
🇺🇸 Cumans · United States
1249
+24
🇮🇳 Turks · India
1342
-18
🇨🇱 Malay · Chile
1273
-15
🇦🇷 Poles · Argentina
1262
-15
🇺🇾 Georgians · Uruguay
1260
-15
Rhythm_
6:24 Loom
8:51 Feudal Age
10:16 Double-Bit Axe
10:45 Horse Collar
13:30 Wheelbarrow
20:00 Castle Age
21:41 Hand Cart
22:10 Bow Saw
22:05 Heavy Plow
29:34 Imperial Age
29:23 Scale Barding Armor
29:29 Forging
29:55 Bloodlines
30:20 Bloodlines
29:34 Cavalier
30:36 Chain Barding Armor
30:29 Forging
31:56 Plate Barding Armor
31:33 Forging
30:55 Paladin
33:08 Gold Mining
34:53 Stone Mining
36:06 Iron Casting
39:03 Blast Furnace
Rsquared
6:58 Loom
10:20 Feudal Age
10:52 Double-Bit Axe
11:33 Horse Collar
18:52 Gold Mining
23:13 Castle Age
21:25 Scale Barding Armor
21:42 Stone Mining
24:17 Wheelbarrow
24:59 Bow Saw
24:52 Scale Mail Armor
24:55 Squires
27:20 Chain Mail Armor
26:55 Arson
27:12 Pikeman
28:49 Hand Cart
29:23 Town Watch
30:25 Chain Barding Armor
31:56 Bloodlines
31:56 Husbandry
35:04 Gold Shaft Mining
36:39 Gambesons
37:13 Murder Holes
37:30 Masonry
37:40 Ballistics
40:54 Imperial Age
38:57 Forging
41:41 Hauberk
40:59 Cavalier
42:00 Caravan
ACI ShaN
5:43 Loom
10:06 Feudal Age
14:21 Castle Age
13:09 Double-Bit Axe
15:30 Scale Barding Armor
16:11 Horse Collar
21:48 Heavy Plow
25:55 Wheelbarrow
31:58 Imperial Age
29:42 Bow Saw
30:12 Loom
30:43 Hand Cart
31:11 Forging
31:21 Bloodlines
31:16 Husbandry
32:24 Chain Barding Armor
32:41 Iron Casting
32:10 Gold Mining
33:00 Conscription
32:55 Cavalier
35:08 Plate Barding Armor
35:34 Blast Furnace
36:18 Scale Mail Armor
35:40 Pikeman
36:21 Squires
36:29 Elite Boyar
38:52 Chain Mail Armor
37:59 Halberdier
38:44 Druzhina
40:39 Chemistry
40:02 Ballistics
41:09 Plate Mail Armor
40:48 Capped Ram
41:46 Siege Ram
Hieminator
9:29 Loom
11:46 Feudal Age
16:02 Castle Age
13:49 Double-Bit Axe
17:49 Bow Saw
25:26 Gold Mining
26:23 Forging
28:26 Wheelbarrow
27:43 Stone Mining
29:47 Town Watch
30:09 Scale Barding Armor
32:29 Husbandry
33:44 Chain Barding Armor
34:40 Iron Casting
36:58 Imperial Age
34:44 Hand Cart
35:26 Gold Shaft Mining
35:33 Town Patrol
37:00 Cavalier
38:20 Conscription
39:03 Chain Barding Armor
39:19 Iron Casting
38:49 Paladin
40:36 Plate Barding Armor
41:02 Blast Furnace
40:47 Chivalry
41:19 Fletching
varunalur2879
3:18 Loom
7:56 Loom
10:12 Feudal Age
12:22 Double-Bit Axe
12:19 Horse Collar
16:29 Gold Mining
16:31 Stone Mining
21:43 Castle Age
22:57 Bow Saw
26:03 Imperial Age
24:11 Heavy Plow
24:23 Padded Archer Armor
26:06 Leather Archer Armor
27:03 Wheelbarrow
32:26 Town Watch
42:16 Fletching
42:53 Bodkin Arrow
Pipenho
9:10 Loom
11:42 Feudal Age
12:26 Double-Bit Axe
17:10 Castle Age
15:38 Horse Collar
18:55 Scale Barding Armor
21:41 Bow Saw
26:26 Forging
26:54 Gold Mining
26:56 Stone Mining
29:41 Gold Shaft Mining
32:03 Wheelbarrow
32:06 Husbandry
36:29 Imperial Age
34:45 Hand Cart
35:47 Squires
35:33 Arson
36:33 Iron Casting
35:53 Elite Battle Elephant
37:29 Iron Casting
38:47 Conscription
41:10 Blast Furnace
que onda logi
7:27 Loom
9:20 Feudal Age
12:02 Double-Bit Axe
15:47 Wheelbarrow
16:46 Bloodlines
20:43 Castle Age
19:48 Horse Collar
20:03 Gold Mining
21:48 Husbandry
22:00 Forging
22:02 Light Cavalry
24:24 Scale Barding Armor
26:56 Chain Barding Armor
27:03 Heavy Plow
30:28 Hand Cart
31:46 Iron Casting
32:54 Szlachta Privileges
33:34 Bow Saw
34:18 Town Watch
37:33 Imperial Age
Lord Selby
8:26 Loom
10:22 Feudal Age
11:22 Double-Bit Axe
14:41 Horse Collar
20:32 Castle Age
19:25 Scale Barding Armor
20:12 Forging
20:02 Gold Mining
21:31 Bloodlines
21:14 Light Cavalry
22:24 Husbandry
23:25 Chain Barding Armor
24:20 Bow Saw
24:13 Heavy Plow
25:14 Iron Casting
25:24 Stone Mining
28:59 Wheelbarrow
28:10 Town Watch
30:46 Stone Shaft Mining
32:31 Hand Cart
32:20 Town Patrol
36:38 Imperial Age
35:27 Fletching
35:38 Padded Archer Armor
36:11 Ballistics
36:33 Bodkin Arrow
38:34 Chemistry
39:39 Heavy Cavalry Archer
40:51 Parthian Tactics
Connection lost

Rejoining the realm…

Still unreachable

The connection could not be restored.

Session expired

The server has moved on; the page needs a fresh start.